Map: Dusk Towers

Players

Bobby

  • Race: Terran Terran
  • League: Grandmaster

State - Winner!

  • Race: Protoss Protoss
  • League: Grandmaster

VOD

https://www.youtube.com/watch?v=__lgVkG5A7I

Description

Time

  • Played on: Dec. 26, 2015, 11:45 p.m.
  • Length: 16:53
Show
View Real Time Build Order
Export as new Build Order

Bobby Terran 

Build Orders: MMM Bio 

Get SALT Encoding   

  12  0:00  SCV  
  13  0:12  SCV  
  14  0:17  Supply Depot  
  14  0:25  SCV  
  15  0:39  SCV, Barracks  
  16  0:51  SCV  
  17  1:03  SCV  
  18  1:04  Refinery  
  18  1:15  SCV  
  19  1:27  Marine  
  19  1:28  Orbital Command  
  20  1:42  Command Center  
  20  1:48  Supply Depot, Barracks Reactor  
  20  1:55  SCV  
  21  2:07  SCV  
  22  2:19  SCV  
  23  2:26  Marine x2  
  23  2:27  Factory  
  25  2:31  SCV  
  26  2:43  Command Center, SCV  
  27  2:51  Marine  
  27  2:52  Refinery, Marine  
  27  2:57  SCV  
  30  3:01  Orbital Command  
  30  3:09  SCV, Marine x2  
  33  3:15  Starport  
  33  3:19  Factory Tech Lab  
  33  3:22  SCV  
  34  3:27  Marine x2  
  34  3:28  SCV  
  34  3:34  SCV  
  38  3:37  Refinery  
  38  3:44  SCV  
  38  3:46  SCV  
  40  3:48  Marine x2  
  40  3:52  Widow Mine  
  44  3:56  Orbital Command  
  44  4:01  Banshee  
  47  4:03  SCV  
  47  4:06  SCV  
  47  4:08  Marine  
  50  4:15  SCV  
  51  4:18  SCV  
  51  4:22  SCV  
  52  4:27  Factory Tech Lab, Marine x2, Liberator  
  52  4:31  SCV, Bunker  
  55  4:32  SCV  
  55  4:33  Supply Depot  
  55  4:36  SCV  
  57  4:45  Marine  
  61  4:46  Supply Depot  
  61  4:51  Bunker  
  61  4:54  SCV x2, Siege Tank, Marine  
  61  4:59  Supply Depot  
  67  5:03  SCV  
  67  5:04  Marine  
  69  5:07  SCV  
  69  5:08  SCV  
  69  5:12  Marine  
  72  5:15  SCV  
  72  5:20  Barracks  
  73  5:22  Barracks  
  73  5:27  Marine  
  73  5:28  SCV  
  75  5:30  Siege Tank, Marine  
  79  5:37  SCV x2  
  79  5:41  Refinery, Engineering Bay  
  81  5:43  Engineering Bay  
  82  5:50  SCV x2, Starport Reactor  
  82  5:51  Barracks x2, Marine x2  
  85  5:58  Supply Depot  
  84  6:04  Supply Depot  
  83  6:12  Siege Tank  
  83  6:18  SCV  
  83  6:19  SCV x2  
  80  6:29  Terran Infantry Weapons Level 1  
  80  6:30  Terran Infantry Armor Level 1, SCV  
  80  6:31  SCV x2  
  81  6:35  Barracks Tech Lab  
  81  6:36  Marine x2  
  83  6:42  SCV  
  83  6:45  Marauder  
  83  6:46  Barracks Tech Lab, Marine  
  87  6:48  Stimpack  
  87  6:49  SCV  
  87  6:54  Missile Turret  
  88  6:55  SCV  
  88  6:57  Missile Turret  
  89  7:01  Marine  
  89  7:02  Marauder, Orbital Command, Marine  
  89  7:03  Medivac x2  
  89  7:04  Combat Shields  
  89  7:05  Barracks Reactor  
  89  7:08  SCV x2, Supply Depot  
  99  7:09  Supply Depot  
  99  7:11  Armory  
  99  7:20  SCV x2, Marine x2, Marauder x2  
  99  7:21  Concussive Shells  
  107  7:28  SCV  
  105  7:32  SCV x2  
  105  7:34  Missile Turret  
  105  7:35  Factory Reactor  
  107  7:39  Marine x2  
  107  7:40  SCV, Marauder  
  107  7:41  Marauder, Marine  
  107  7:43  Missile Turret  
  112  7:44  Medivac x2  
  116  7:52  SCV x3  
  116  7:55  Marine  
  116  7:56  Supply Depot x2  
  120  7:59  Missile Turret, Marauder  
  120  8:00  Supply Depot, Liberator x2  
  120  8:04  SCV  
  123  8:08  SCV, Missile Turret  
  123  8:09  SCV  
  125  8:17  Marine x4  
  125  8:18  Marauder x2  
  139  8:22  Supply Depot  
  139  8:23  Supply Depot x2  
  139  8:25  Refinery, Marauder  
  139  8:26  Refinery  
  141  8:35  Marine x2  
  141  8:38  Marine  
  141  8:39  Marauder x2, Terran Infantry Weapons Level 2, Marine  
  149  8:44  SCV x3  
  151  8:51  Supply Depot, Terran Infantry Armor Level 2  
  151  8:52  Supply Depot  
  151  8:53  Liberator x2  
  151  8:55  Marine  
  151  8:56  SCV x2, Marauder, Marine x2  
  151  8:57  Supply Depot  
  151  8:59  Widow Mine x2  
  151  9:01  Marine  
  151  9:02  Marauder x2  
  167  9:13  Marine x2  
  175  9:19  Barracks  
  175  9:23  Barracks, Marine x3  
  175  9:24  Marauder  
  174  9:25  Marauder  
  176  9:35  Liberator  
  176  9:36  Marine, Liberator  
  176  9:38  Marine  
  177  9:42  Marauder  
  177  9:45  Marauder  
  181  9:50  Marine x2  
  181  9:51  Marauder  
  185  9:56  Marine  
  185  9:57  Starport  
  171  10:03  Marauder  
  171  10:06  Marauder  
  152  10:09  Marine x3  
  152  10:10  Widow Mine x2  
  152  10:12  Barracks Tech Lab, Marauder  
  152  10:13  Barracks Tech Lab  
  158  10:14  Command Center, Ghost Academy  
  158  10:17  Terran Ship Weapons Level 1  
  157  10:23  Liberator  
  157  10:24  Liberator  
  157  10:25  Marauder  
  140  10:38  Marine  
  140  10:39  Marauder x2, Marine x3  
  140  10:40  Marauder, Marine  
  144  10:53  Marauder  
  144  10:56  Marine x2  
  146  10:57  Marine  
  146  10:58  Barracks  
  146  11:03  Marauder x2, Marine x3  
  141  11:20  Factory Reactor  
  141  11:23  Medivac  
  141  11:24  Marauder x2, Marine x3, Medivac  
  141  11:25  Marauder x2, Marine  
  112  11:45  Liberator x2  
  112  11:48  Marauder, Marine  
  112  11:50  SCV  
  116  11:54  Planetary Fortress  
  116  12:01  Marauder x3, Marine x4  
  120  12:02  Missile Turret, Medivac x2  
  120  12:07  Marine  
  137  12:09  Terran Infantry Armor Level 3  
  137  12:10  Marauder  
  139  12:20  Terran Infantry Weapons Level 3  
  133  12:24  Marauder, Marine x5  
  133  12:25  Marine  
  128  12:32  Widow Mine x2, Marauder x2  
  128  12:36  SCV, Refinery x2  
  137  12:42  Marine x4  
  141  12:48  Marine  
  141  12:49  Liberator x2, Marauder x2  
  146  12:53  Terran Ship Weapons Level 2, Marine x2  
  138  13:00  Marine  
  138  13:02  Marauder, Marine x2  
  138  13:03  Widow Mine x2  
  136  13:06  Marine  
  136  13:10  Marauder x2  
  136  13:11  Marauder, Marine  
  149  13:17  Marine  
  147  13:20  Marine x2  
  147  13:23  Marauder  
  147  13:24  Marine  
  152  13:29  Marauder  
  152  13:31  Marauder, Marine  
  152  13:32  Marauder  
  159  13:34  Liberator  
  159  13:35  Marine  
  159  13:37  Marine  
  159  13:38  Marine  
  146  13:48  Marine, Liberator  
  135  13:49  Marauder  
  135  13:53  Marauder  
  135  13:54  SCV, Marauder  
  110  14:03  Marine x2  
  110  14:05  Medivac x2  
  110  14:06  SCV  
  120  14:11  Marauder, Marine  
  120  14:14  Marauder  
  125  14:17  Liberator  
  125  14:19  Marauder  
  125  14:21  Marine  
  125  14:23  SCV  
  104  14:32  Marauder  
  104  14:36  Marauder  
  97  14:41  Marauder  
  89  14:50  Orbital Command  
  66  15:28  Orbital Command  
  66  15:31  Liberator x2  
  66  15:47  Widow Mine x2  
  71  16:05  SCV, Marauder, Marine  
  71  16:10  Marauder, Marine  
  74  16:13  Marauder, Marine x2  
  73  16:21  SCV  
  73  16:22  Marine  
  68  16:26  Marauder  
  68  16:28  Marine  
  62  16:39  SCV x2  
Show
View Real Time Build Order
Export as new Build Order

State Protoss - Winner!

Build Orders: 1 Gate Expand 

Get SALT Encoding   

  12  0:01  Probe (Chrono Boost)  
  13  0:12  Probe (Chrono Boost)  
  14  0:17  Pylon  
  14  0:22  Probe (Chrono Boost)  
  16  0:35  Probe (Chrono Boost)  
  16  0:39  Gateway  
  16  0:43  Assimilator  
  16  0:46  Probe (Chrono Boost)  
  17  0:56  Probe (Chrono Boost)  
  18  1:07  Probe (Chrono Boost)  
  19  1:18  Nexus  
  19  1:21  Probe (Chrono Boost)  
  20  1:26  Assimilator  
  20  1:32  Probe (Chrono Boost)  
  21  1:37  Pylon  
  21  1:44  Probe (Chrono Boost)  
  22  1:49  Cybernetics Core  
  22  1:55  Probe (Chrono Boost)  
  23  2:05  Probe (Chrono Boost)  
  23  2:16  Probe (Chrono Boost)  
  24  2:25  Adept  
  24  2:26  Warp Gate  
  24  2:27  Mothership Core (Chrono Boost)  
  28  2:31  Probe (Chrono Boost), Twilight Council  
  29  2:42  Probe (Chrono Boost)  
  30  2:45  Probe (Chrono Boost)  
  31  2:52  Probe (Chrono Boost)  
  31  2:54  Adept  
  31  2:56  Probe (Chrono Boost)  
  35  3:03  Probe (Chrono Boost)  
  36  3:07  Probe (Chrono Boost), Resonating Glaives (Chrono Boost)  
  36  3:11  Robotics Facility  
  37  3:13  Probe (Chrono Boost)  
  37  3:18  Probe (Chrono Boost)  
  39  3:21  Adept  
  39  3:22  Pylon  
  39  3:24  Probe (Chrono Boost)  
  42  3:28  Probe (Chrono Boost)  
  42  3:33  Probe (Chrono Boost)  
  43  3:35  Pylon  
  43  3:38  Probe (Chrono Boost)  
  45  3:44  Gateway, Probe  
  45  3:45  Gateway  
  46  3:51  Probe  
  46  3:53  Warp Prism (Chrono Boost)  
  47  3:56  Probe  
  50  4:03  Assimilator  
  50  4:06  Probe  
  50  4:07  Assimilator  
  50  4:08  Probe  
  50  4:09  Pylon  
  52  4:18  Probe  
  52  4:20  Probe  
  54  4:28  Pylon  
  54  4:30  Probe  
  54  4:31  Observer  
  55  4:32  Probe  
  55  4:33  Adept  
  59  4:41  Blink (Chrono Boost)  
  59  4:42  Stalker x2  
  59  4:45  Probe  
  64  4:49  Observer  
  64  4:51  Probe  
  66  4:58  Nexus  
  66  5:02  Probe  
  67  5:07  Stalker  
  67  5:08  Stalker  
  67  5:09  Probe  
  67  5:14  Probe, Observer  
  73  5:18  Stalker  
  76  5:21  Probe  
  76  5:24  Pylon  
  76  5:26  Probe  
  78  5:32  Forge  
  78  5:33  Forge  
  78  5:36  Pylon  
  78  5:40  Observer  
  79  5:43  Pylon  
  79  5:50  Gateway x2  
  79  5:54  Probe x2, Pylon  
  81  6:03  Adept x2  
  81  6:04  Adept  
  87  6:09  Probe  
  87  6:10  Probe  
  89  6:12  Protoss Ground Weapons Level 1 (Chrono Boost), Protoss Ground Armor Level 1 (Chrono Boost)  
  83  6:19  Probe  
  83  6:21  Probe  
  79  6:27  Immortal (Chrono Boost)  
  79  6:31  Stalker x3  
  79  6:32  Probe x2  
  87  6:37  Charge  
  87  6:40  Probe  
  87  6:44  Probe x2  
  90  6:52  Probe  
  91  6:56  Probe x2, Assimilator  
  91  6:58  Templar Archives  
  91  7:00  Assimilator  
  93  7:06  Immortal (Chrono Boost)  
  93  7:07  Sentry, Zealot x2  
  104  7:15  Probe x3  
  106  7:27  Probe x2  
  106  7:32  Stalker  
  106  7:33  Stalker x2  
  106  7:35  Probe  
  113  7:39  Probe  
  113  7:42  Probe  
  111  7:47  Probe  
  111  7:48  Psionic Storm  
  111  7:50  Immortal (Chrono Boost)  
  116  7:57  Protoss Ground Armor Level 2, Pylon, Protoss Ground Weapons Level 2  
  116  8:00  High Templar  
  116  8:01  Zealot x2, High Templar  
  116  8:05  Pylon  
  124  8:06  Pylon  
  124  8:24  Immortal (Chrono Boost), Zealot x2  
  124  8:25  Zealot  
  134  8:30  Gateway  
  134  8:32  Gateway  
  134  8:36  Gateway  
  134  8:38  Pylon  
  134  8:40  Pylon  
  134  8:42  Pylon, Stargate  
  134  8:46  Nexus  
  134  8:49  Pylon  
  134  8:52  Pylon  
  134  8:53  Pylon  
  134  8:54  Dark Shrine  
  134  9:00  Gateway  
  134  9:02  Gateway  
  134  9:05  Gateway  
  134  9:06  Gateway  
  134  9:11  High Templar x3  
  134  9:12  High Templar  
  140  9:25  Stalker  
  140  9:27  Immortal (Chrono Boost), Gateway  
  140  9:28  Gateway  
  146  9:38  Zealot  
  148  9:47  Stalker x6  
  150  10:06  Immortal (Chrono Boost)  
  148  10:08  Archon  
  148  10:11  Archon  
  148  10:12  Zealot  
  148  10:13  Zealot x6  
  146  10:35  Protoss Ground Weapons Level 3, Protoss Ground Armor Level 3  
  138  10:36  Stalker x3  
  138  10:37  Stalker x2  
  138  10:40  Warp Prism (Chrono Boost)  
  148  10:59  Assimilator x2  
  148  11:03  Zealot x3  
  148  11:04  High Templar x4  
  156  11:05  Zealot  
  168  11:11  Immortal (Chrono Boost)  
  162  11:22  Archon  
  134  11:34  Zealot x9  
  137  11:45  Immortal (Chrono Boost)  
  131  11:54  Stalker  
  131  11:55  Stalker x8, Sentry  
  151  12:14  Stargate  
  151  12:15  Zealot x4  
  159  12:17  Fleet Beacon  
  159  12:18  Zealot x5  
  157  12:35  Zealot x7  
  171  12:38  Zealot x2  
  162  13:01  High Templar x4  
  162  13:02  High Templar x4  
  162  13:05  Zealot x6  
  190  13:06  Archon x4  
  178  13:28  Stalker x2  
  178  13:29  Stalker x4  
  166  13:50  Zealot x8  
  167  13:57  Zealot x6  
  167  13:58  Protoss Shields Level 1  
  179  14:03  Phoenix x2 (Chrono Boost)  
  182  14:14  Zealot x2  
  153  14:30  Archon  
  128  14:31  Archon  
  128  14:34  Zealot x3  
  128  14:35  Zealot x4  
  122  14:46  High Templar  
  122  14:47  High Templar x5  
  122  14:52  Archon x2  
  122  14:53  Archon  
  122  14:54  High Templar  
  122  14:55  High Templar  
  116  15:04  Zealot x3  
  116  15:06  Archon  
  114  15:24  High Templar x4  
  120  15:37  Phoenix x2 (Chrono Boost)  
  120  15:40  Zealot x2  
  124  15:44  Probe  
  124  15:46  Probe  
  111  16:11  Probe  
  117  16:14  Zealot x2  
  120  16:22  Zealot  
  120  16:25  Zealot  
  124  16:27  Zealot x3  
  124  16:37  High Templar x4  
  124  16:38  High Templar x2  
  132  16:45  High Templar x6  
  132  16:46  Zealot x2  
  134  16:50  Archon x2  
  134  16:51  Archon  
Tags
 
Add a new tag
Caveats
  • Supply blocks, unpowered buildings, or Contaminate may cause inaccurate times.
  • Supply counts are checked every 10 seconds.